 Dungeon Crawl Stone Soup version 0.27-a0-3-gcf006a40f5 (webtiles) character file.

Game seed: 314348463081351966

83065 raph the Bludgeoner (level 15, -2/133 (137) HPs)
             Began as a Minotaur Fighter on Jan 1, 2021.
             Was the Champion of Elyvilon.
             Slain by a sun demon (7 damage)
             ... summoned by an orc high priest
             ... on level 1 of the Orcish Mines.
             The game lasted 00:47:47 (28091 turns).

raph the Bludgeoner (Minotaur Fighter)             Turns: 28091, Time: 00:47:49

HP:   -2/133 (137)  AC: 18    Str: 21      XL:     15   Next: 31%
MP:   17/22         EV: 11    Int:  4 (5)  God:    Elyvilon [******]
Gold: 296           SH: 19    Dex: 13      Spells: 13/14 levels left

rFire    + + +     SeeInvis +   a - +1 morningstar (flame)
rCold    + . .     Faith    .   c - +0 kite shield
rNeg     . . .     Spirit   .   d - +1 plate armour {rC+}
rPois    .         Reflect  +   K - +2 hat
rElec    +         Harm     .   H - +0 cloak
rCorr    .         Rampage  .   l - +2 pair of gloves {archery}
Will     +....                  m - +1 pair of boots
Stlth    ..........             O - amulet of Teuffik {Reflect +Fly rElec rF+++ Dex-3 SH+5}
HPRegen  0.32/turn              x - ring of see invisible
MPRegen  0.18/turn              B - ring of stealth

@: corroded, studying Shields, lightly drained
A: retaliatory headbutt, horns 2
a: Renounce Religion, Evoke Flight, Lesser Healing, Heal Other, Purification,
Greater Healing, Divine Vigour, Divine Protection


You were on level 1 of the Orcish Mines.
You worshipped Elyvilon.
Elyvilon was exalted by your worship.
You visited 4 branches of the dungeon, and saw 20 of its levels.
You also visited: Gauntlet and Volcano.

You collected 1897 gold pieces.
You spent 1601 gold pieces at shops.

Inventory:

Hand Weapons
 a - a +1 morningstar of flaming (weapon)
 r - a +2 whip of venom
 v - a +1 flail
 V - a +0 morningstar of venom
Missiles
 E - 48 poisoned darts (quivered)
 P - 4 javelins
 R - 2 curare-tipped darts
Armour
 c - a +0 kite shield (worn)
 d - a +1 plate armour of cold resistance (worn)
 l - a +2 pair of gloves of archery (worn)
 m - a +1 pair of boots (worn)
 q - a +2 plate armour
 H - a +0 cloak (worn)
 K - a +2 hat (worn)
Jewellery
 f - an uncursed ring of stealth
 x - a ring of see invisible (left hand)
 B - a ring of stealth (right hand)
 I - an uncursed ring of protection from cold
 O - the amulet of Teuffik (around neck) {Reflect +Fly rElec rF+++ Dex-3 SH+5}
   (You acquired it on level 3 of the Lair of Beasts)

   [amulet of reflection]

   It shields you and reflects attacks.
   It affects your dexterity (-3).
   It renders you almost immune to fire.
   It insulates you from electricity.
   It lets you fly.
   It affects your SH (+5).
Wands
 s - a wand of polymorph (33)
 u - a wand of paralysis (19)
 y - a wand of acid (11)
 J - a wand of disintegration (14)
 Q - a wand of iceblast (1)
 U - a wand of flame (14)
Scrolls
 e - 5 scrolls of remove curse
 h - 4 scrolls of magic mapping
 k - a scroll of amnesia
 n - 7 scrolls of teleportation
 C - 4 scrolls of blinking
 D - 6 scrolls of fog
 F - 3 scrolls of fear
 N - 2 scrolls of identify
Potions
 b - 2 potions of heal wounds
 g - a potion of flight
 i - 10 potions of curing
 j - 2 potions of invisibility
 p - 2 potions of ambrosia
 w - 3 potions of magic
 L - 4 potions of resistance
 M - a potion of cancellation
Books
 o - a manual of Shields
Miscellaneous
 S - a tin of tremorstones (1/2)
 T - a phantom mirror


   Skills:
 + Level 13.7 Fighting
 - Level 16.0 Maces & Flails
 * Level 6.6 Armour
 + Level 10.4 Dodging
 + Level 15.3 Shields
 - Level 11.0 Invocations


You had 13 spell levels left.
You knew the following spells:

 Your Spells              Type           Power        Failure   Level
a - Apportation           Tloc           0%           100%        1

Your spell library contained the following spells:

 Spells                   Type           Power        Failure   Level
 Animate Skeleton         Necr           0%           100%        1
 Beastly Appendage        Tmut           0%           100%        1
 Corona                   Hex            0%           100%        1
 Summon Small Mammal      Summ           0%           100%        1
 Poisonous Vapours        Pois/Air       0%           100%        2
 Wereblood                Tmut           0%           100%        2
 Conjure Flame            Conj/Fire      0%           100%        3
 Mephitic Cloud           Conj/Pois/Air  0%           100%        3
 Spider Form              Tmut/Pois      0%           100%        3
 Ice Form                 Ice/Tmut       0%           100%        4
 Blade Hands              Tmut           0%           100%        5
 Freezing Cloud           Conj/Ice/Air   0%           100%        6
 Malign Gateway           Summ/Tloc      0%           100%        7
 Monstrous Menagerie      Summ           0%           100%        7
 Summon Greater Demon     Summ           0%           100%        7
 Summon Horrible Things   Summ           0%           100%        8


Dungeon Overview and Level Annotations

Branches:
Dungeon (12/15)            Temple (1/1) D:6            Lair (5/6) D:9
  Swamp (0/4) Lair:4       Spider (0/4) Lair:3          Orc (2/2) D:11
    Elf (0/3) Orc:2       Volcano (visited)         Gauntlet (visited)
  Slime: Lair:5-6

Altars:
Ashenzari
Cheibriados
Dithmenos
Elyvilon
Fedhas
Gozag
Hepliaklqana
Kikubaaqudgha
Makhleb
Nemelex Xobeh
Okawaru
Qazlal
Ru
Sif Muna
Trog
Uskayaw
Vehumet
Wu Jian
Xom
Yredelemnul
Zin
The Shining One

Shops:
Orc:2 :*[*:

Portals:
Pandemonium: Orc:2

Annotations:
D:9 3 runed translucent doors, skk's ghost, novice GrFi
Lair:2 3 runed translucent doors, exclusion: oklob plant, Ysuenkit's ghost, journeyman DDFi; flestrin's ghost, adept KoDe


Innate Abilities, Weirdness & Mutations

You reflexively headbutt those who attack you in melee.
You have a pair of horns on your head.


Message History

The sixfirhy hits you but does no damage.
You block the sixfirhy's attack. The sun demon closely misses you.
You furiously retaliate!
You headbutt the sun demon, but do no damage.
The orc sorcerer hits the orc warrior but does no damage.
The sun demon hits you but does no damage.
You puncture the sixfirhy! You burn the sixfirhy.
The sixfirhy is moderately wounded.
You block the sixfirhy's attack. x2
The orc high priest mumbles some strange prayers to Beogh against you.
Beogh smites you!
* * * LOW HITPOINT WARNING * * *
The orc barely misses the orc warrior.
The orc warrior hits the orc sorcerer with a +0 halberd.
The sixfirhy hits you.
* * * LOW HITPOINT WARNING * * *
The sixfirhy shocks you. You resist.
* * * LOW HITPOINT WARNING * * *
The sun demon hits you!
You die...

##............ .......
#.#......#..... ......#
............... ##.#...#
...............##.....#
.........o......#.....###.
......O...................
....o...o..#......[.......
...oW.>.oo.... #)[......#
...o4..ยง.....#
#@3$..#.#.. ....oooo......
#33[$......
.T.o.o.......o.ooo.....#..
....o..#...#...o..........
...........##.............
...........##.............
...........##.....##.#....
....... ..#... .......#
...##


You could see an orc high priest, 2 sun demons, a sixfirhy (summoned), an orc
sorcerer, an orc and a neutral orc warrior.

Vanquished Creatures
  A red draconian (Volcano)
  A minotaur (Gauntlet)
  Josephine (Orc:1)
  4 hydras
  2 boulder beetles
  A centaur warrior (D:11)
  An ogre mage (Volcano)
  3 death yaks (Lair:5)
  6 two-headed ogres
  8 orc high priests
  A sixfirhy (Gauntlet)
  A torturous demonspawn (Orc:2)
  A gelid demonspawn (Orc:2)
  An infernal demonspawn (Orc:2)
  2 bog bodies (Lair:4)
  A lindwurm (Lair:3)
  Pikel (D:7)
  A wolf spider (Lair:3)
  7 orc sorcerers
  A cyclops (D:11)
  5 orc knights
  8 elephants
  3 black mambas
  2 molten gargoyles (Volcano)
  Maggie (D:6)
  A smoke demon (Orc:2)
  A rime drake (Lair:3)
  7 komodo dragons
  9 cane toads
  A hellwing (Orc:1)
  4 trolls
  A jumping spider (Lair:3)
  2 hornets (D:11)
  Prince Ribbit (D:5)
  Grinder (D:6)
  11 blink frogs (Lair:3)
  Sigmund (D:5)
  A redback (Lair:3)
  4 wraiths
  A fire bat (Volcano)
  A ynoxinul (Orc:2)
  34 yaks
  A steam dragon (Lair:2)
  2 wargs
  11 water moccasins
  A black bear (Lair:3)
  31 orc warriors
  3 ice beasts
  A necrophage (D:9)
  4 phantoms
  11 centaurs
  11 ogres
  11 wolves
  A lemure (D:7)
  Blork the orc (D:5)
  3 big kobolds
  A gnoll sergeant (D:10)
  15 bullfrogs
  6 scorpions
  3 killer bees (D:11)
  20 wights
  An electric eel (Lair:5)
  5 howler monkeys
  3 bullfrog zombies
  3 centaur zombies
  A quasit (D:9)
  8 lava snakes
  3 hounds
  3 jellies
  2 centaur skeletons (D:5)
  25 orc priests
  Jessica (D:2)
  Ijyb (D:5)
  An iguana (D:11)
  13 orc wizards
  8 worker ants
  3 hound zombies
  3 hound skeletons
  Robin (D:2)
  A worker ant zombie (D:5)
  14 adders
  10 gnolls
  A howler monkey skeleton (D:4)
  2 shadow imps
  2 white imps
  7 ufetubi
  3 adder skeletons (D:9)
  2 worms (D:5)
  2 dart slugs
  3 leopard geckos
  80 orcs
  8 giant cockroaches
  13 goblins
  6 hobgoblins
  11 jackals
  6 quokkas
  8 bats
  4 frilled lizards
  20 kobolds
  3 rats (D:2)
573 creatures vanquished.

Vanquished Creatures (others)
  2 death yaks (Lair:5)
  Sonja (Lair:4)
  A bullfrog (Lair:1)
  An orc priest (Orc:2)
  2 bushes (Lair:5)
  15 fungi
  19 plants
41 creatures vanquished.

Grand Total: 614 creatures vanquished

Notes
Turn   | Place    | Note
-------+----------+-------------------------------------------
     0 | D:1      | raph the Minotaur Fighter began the quest for the Orb.
     0 | D:1      | Reached XP level 1. HP: 19/19 MP: 0/0
   214 | D:1      | Reached skill level 3 in Maces & Flails
   314 | D:1      | Reached XP level 2. HP: 23/26 MP: 1/1
   971 | D:2      | Reached skill level 4 in Maces & Flails
  1187 | D:2      | Reached XP level 3. HP: 23/31 MP: 2/2
  1278 | D:2      | Noticed a centaur
  1447 | D:2      | Reached skill level 5 in Maces & Flails
  1447 | D:2      | Reached XP level 4. HP: 34/39 MP: 3/3
  1522 | D:2      | Noticed Jessica
  1529 | D:2      | Killed Jessica
  1713 | D:2      | Noticed a phantom
  1767 | D:2      | Killed a phantom
  1768 | D:2      | Reached skill level 6 in Maces & Flails
  1768 | D:2      | Reached XP level 5. HP: 8/45 MP: 4/4
  2117 | D:2      | Reached skill level 7 in Maces & Flails
  2120 | D:2      | Noticed Robin
  2154 | D:2      | Killed Robin
  2256 | D:2      | Found a white marble altar of Elyvilon.
  2392 | D:2      | Killed a centaur
  2393 | D:2      | Reached XP level 6. HP: 34/51 MP: 5/5
  2653 | D:2      | Reached skill level 8 in Maces & Flails
  3085 | D:2      | Became a worshipper of Elyvilon the Healer
  3560 | D:3      | Reached skill level 9 in Maces & Flails
  4002 | D:4      | Reached XP level 7. HP: 31/57 MP: 6/6
  4250 | D:4      | Reached * piety under Elyvilon
  4593 | D:4      | Reached skill level 10 in Maces & Flails
  4786 | D:4      | Reached ** piety under Elyvilon
  5229 | D:4      | Reached skill level 11 in Maces & Flails
  5345 | D:5      | Entered Level 5 of the Dungeon
  5350 | D:5      | Reached XP level 8. HP: 54/64 MP: 7/7
  5410 | D:5      | Noticed Blork the orc
  5417 | D:5      | Killed Blork the orc
  5524 | D:5      | Found a blossoming altar of Fedhas.
  5597 | D:5      | Noticed Sigmund
  5610 | D:5      | Killed Sigmund
  5611 | D:5      | Reached skill level 12 in Maces & Flails
  5729 | D:5      | Found a shadowy altar of Dithmenos.
  5742 | D:5      | Noticed Ijyb
  5748 | D:5      | Killed Ijyb
  5800 | D:5      | Noticed Prince Ribbit
  6216 | D:5      | Killed Prince Ribbit
  6217 | D:5      | Reached skill level 13 in Maces & Flails
  6500 | D:6      | Noticed Grinder
  6501 | D:6      | Paralysed by Grinder for 4 turns
  6513 | D:6      | Paralysed by Grinder for 7 turns
  6529 | D:6      | Killed Grinder
  6530 | D:6      | Reached XP level 9. HP: 44/70 MP: 8/8
  6822 | D:6      | Found a staircase to the Ecumenical Temple.
  6823 | D:6      | Reached *** piety under Elyvilon
  7145 | D:6      | Noticed Maggie
  7155 | D:6      | Killed Maggie
  7156 | D:6      | Reached skill level 14 in Maces & Flails
  7156 | D:6      | Reached skill level 1 in Invocations
  7640 | Temple   | Entered the Ecumenical Temple
  8325 | D:7      | Noticed Pikel
  8360 | D:7      | Killed Pikel
  8361 | D:7      | Reached skill level 5 in Fighting
  8361 | D:7      | Reached skill level 5 in Shields
  8531 | D:7      | Reached **** piety under Elyvilon
  9148 | D:8      | Reached XP level 10. HP: 83/83 MP: 11/11
  9784 | D:9      | Reached ***** piety under Elyvilon
 10070 | D:9      | Found a staircase to the Lair.
 10658 | D:9      | Got a shimmering ring mail
 10669 | D:9      | Identified the cursed +0 ring mail of Terror {rPois} (You
                  | found it on level 9 of the Dungeon)
 11034 | D:9      | Found a runed translucent gate.
 11035 | D:9      | Found a runed translucent gate.
 11035 | D:9      | Found a runed translucent gate.
 11037 | D:9      | Noticed skk's ghost (novice GrFi)
 11327 | Lair:1   | Entered Level 1 of the Lair of Beasts
 11368 | Lair:1   | Reached skill level 5 in Invocations
 11497 | Lair:1   | Noticed a six-headed hydra
 11499 | Lair:1   | Pacified a six-headed hydra
 11572 | Lair:1   | Noticed a cane toad
 11581 | Lair:1   | Killed a cane toad
 12016 | Lair:1   | Reached skill level 1 in Dodging
 12016 | Lair:1   | Reached skill level 10 in Shields
 12016 | Lair:1   | Reached XP level 11. HP: 50/93 MP: 12/14
 13022 | Lair:2   | Noticed a four-headed hydra
 13033 | Lair:2   | Killed a four-headed hydra
 13379 | Lair:2   | Found a runed translucent gate.
 13380 | Lair:2   | Found a runed translucent gate.
 13381 | Lair:2   | Found a runed translucent gate.
 13383 | Lair:2   | Noticed flestrin's ghost (adept KoDe)
 13383 | Lair:2   | Noticed Ysuenkit's ghost (journeyman DDFi)
 13538 | Lair:2   | Reached skill level 15 in Maces & Flails
 14176 | Lair:2   | Noticed an oklob plant
 14451 | Lair:3   | Learned a level 1 spell: Apportation
 14626 | Lair:3   | Reached ****** piety under Elyvilon
 14744 | Lair:3   | Reached XP level 12. HP: 86/104 MP: 16/16
 15072 | Lair:3   | Identified a scroll of acquirement
 15072 | Lair:3   | Acquired the amulet of Teuffik {Reflect +Fly rElec rF+++
                  | Dex-3 SH+5}
 15265 | Lair:3   | Reached skill level 5 in Dodging
 15445 | Lair:3   | Found a hole to the Spider Nest.
 16172 | Lair:4   | Found a dark tunnel.
 16228 | Volcano  | Entered a volcano
 16385 | Volcano  | Reached skill level 10 in Fighting
 16492 | Volcano  | Found a radiant altar of Vehumet.
 16492 | Volcano  | Noticed a two-headed ogre
 16492 | Volcano  | Noticed a two-headed ogre
 16492 | Volcano  | Noticed an ogre mage
 16492 | Volcano  | Noticed a two-headed ogre
 16495 | Volcano  | Killed a two-headed ogre
 16497 | Volcano  | Killed a two-headed ogre
 16501 | Volcano  | Killed a two-headed ogre
 16511 | Volcano  | Killed an ogre mage
 16531 | Volcano  | Noticed a two-headed ogre
 16536 | Volcano  | Killed a two-headed ogre
 16704 | Volcano  | Noticed a red draconian
 16715 | Volcano  | Killed a red draconian
 16786 | Volcano  | Reached XP level 13. HP: 77/114 MP: 18/18
 17155 | Lair:4   | Found a staircase to the Swamp.
 17484 | Lair:4   | Noticed Sonja
 17513 | Lair:4   | Killed Sonja
 17514 | Lair:4   | Reached skill level 16 in Maces & Flails
 18478 | Lair:5   | Reached skill level 15 in Shields
 18478 | Lair:5   | Reached XP level 14. HP: 124/124 MP: 19/19
 19815 | D:10     | Entered Level 10 of the Dungeon
 20999 | D:11     | Found a gate leading to a gauntlet.
 21029 | Gauntlet | Entered a Gauntlet
 21029 | Gauntlet | Found a transporter.
 21047 | Gauntlet | Found a transporter.
 21049 | Gauntlet | Found a transporter.
 21050 | Gauntlet | Found a transporter.
 21058 | Gauntlet | Found a transporter.
 21061 | Gauntlet | Found a transporter.
 21062 | Gauntlet | Found a transporter.
 21068 | Gauntlet | Found a runed translucent gate.
 21068 | Gauntlet | Found a runed translucent gate.
 21070 | Gauntlet | Found a transporter.
 21073 | Gauntlet | Found a transporter.
 21074 | Gauntlet | Found a transporter.
 21082 | Gauntlet | Found a transporter.
 21082 | Gauntlet | Found a runed translucent gate.
 21085 | Gauntlet | Found a transporter.
 21086 | Gauntlet | Found a transporter.
 21095 | Gauntlet | Found a transporter.
 21232 | Gauntlet | Identified the +6 arbalest "Cege" {venom, rF+ MP+9 Int-2}
 21609 | D:11     | Reached skill level 10 in Invocations
 21778 | D:11     | Found a staircase to the Orcish Mines.
 21950 | D:11     | Paralysed by a hornet for 3 turns
 23182 | Orc:1    | Entered Level 1 of the Orcish Mines
 23414 | Orc:1    | Paralysed by an orc sorcerer for 5 turns
 23622 | Orc:2    | Entered Level 2 of the Orcish Mines
 23793 | Orc:2    | Paralysed by an orc sorcerer for 3 turns
 23854 | Orc:2    | Found a staircase to the Elven Halls.
 24003 | Orc:2    | Found Riomp's Book Boutique.
 24101 | Orc:2    | Found Qielorue's General Store.
 24102 | Orc:2    | Found Wuiphi's General Store.
 24442 | Orc:2    | Bought a potion of might for 56 gold pieces
 24522 | Orc:1    | Noticed Josephine
 25398 | Orc:1    | Reached XP level 15. HP: 135/135 MP: 22/22
 26190 | Orc:2    | Paralysed by an orc sorcerer for 6 turns
 26689 | Orc:2    | Reached skill level 10 in Dodging
 26775 | Orc:2    | Reached skill level 5 in Armour
 27296 | Orc:2    | Found Wubbicue's Book Boutique.
 27296 | Orc:2    | Found Lutupyp's Antique Armour Shop.
 27296 | Orc:2    | Found a one-way gate leading to the halls of Pandemonium.
 27304 | Orc:2    | Bought a manual of Shields for 1545 gold pieces
 27387 | Orc:1    | Killed Josephine
 28091 | Orc:1    | HP: 5/133 [sixfirhy[an orc high priest] (3)]
 28091 | Orc:1    | Slain by a sun demon

Illustrated notes

Levels and vault maps discovered:
D:1:      dpeg_arrival_erosion, layout_loops_ring
D:2:      layout_loops_cross, elyvilon_altar_1, uniq_jessica, uniq_robin
D:3:      layout_loops_ring
D:4:      layout_gridville, wad_orctagon
D:5:      layout_loops_ring, general_overflow_altar, fedhas_altar_2,
          uniq_prince_ribbit1, uniq_blork_the_orc, uniq_sigmund, uniq_ijyb
D:6:      layout_basic, minmay_temple_entry_statues_fountains, uniq_maggie,
          uniq_grinder
D:7:      layout_basic, uniq_pikel
D:8:      layout_gridville, hangedman_decor_opposing
D:9:      layout_long_grid, lair_entry_dummy, gammafunk_ghost_necromancy
D:10:     layout_loops_ring, kennysheep_dice
D:11:     layout_stronghold, orc_0_dummy, gauntlet_entry_generic
D:12:     layout_roguey
Temple:   nicolae_temple_the_god_donut
Lair:1:   layout_regular_city, chequers_serial_rivers_room_b, grunt_megastairs_2
Lair:2:   layout_long_grid, gammafunk_ghost_cemetery, serial_rivers,
          chequers_serial_rivers_micro_b, chequers_serial_rivers_small_b,
          chequers_serial_rivers_small_b, chequers_serial_rivers_room_b,
          chequers_serial_rivers_small_b, grunt_megastairs_4,
          minmay_lair_oklob_chamber, lemuel_fruit_fields
Lair:3:   layout_regular_city, spider_nest_entry_funnel_web
Lair:4:   layout_regular_city, skrybe_swamp_entry_bodies,
          nicolae_volcano_entry_lava_flow, grunt_megastairs_3,
          lemuel_fruit_fields, uniq_sonja
Lair:5:   layout_gridlike, lemuel_fruit_tree, serial_bayou_shore_a,
          serial_bayou_shore_b, grunt_megastairs_5, lemuel_fruit_fields
Orc:1:    layout_caves, uniq_josephine
Orc:2:    pf_orc_diabolical, layout_caves, serial_shops,
          nicolae_shop_temple_entry_statues_fountains

Skill      XL: |  1  2  3  4  5  6  7  8  9 10 11 12 13 14 15 |
---------------+----------------------------------------------+-----
Maces & Flails | 3 4 5 6 7 9 11 13 14 15 16 | 16.0
Armour         | 4 6 |  6.6
Invocations    | 3 5 6 8 9 10 11 | 11.0
Fighting       | 5 7 9 10 11 13 | 13.7
Shields        | 7 10 11 13 15 | 15.3
Dodging        | 1 4 6 7 9 10 | 10.4

Action                   |  1- 3 |  4- 6 |  7- 9 | 10-12 | 13-15 || total
-------------------------+-------+-------+-------+-------+-------++-------
Melee: Flail             |    73 |   143 |    64 |       |       ||   280
       Headbutt          |     6 |    30 |    86 |   144 |   198 ||   464
       Whip              |       |    30 |       |       |       ||    30
       Morningstar       |       |       |   295 |   637 |   858 ||  1790
Throw: Throwing net      |       |       |     2 |       |       ||     2
       Dart              |       |       |       |       |    10 ||    10
       Javelin           |       |       |       |       |     2 ||     2
Invok: Heal Other        |       |       |       |     6 |     5 ||    11
       Lesser Healing    |       |       |       |     1 |     2 ||     3
       Greater Healing   |       |       |       |       |     6 ||     6
       Divine Vigour     |       |       |       |       |     2 ||     2
       Divine Protection |       |       |       |       |     1 ||     1
Evoke: Wand              |       |       |     2 |       |     7 ||     9
       Tin of tremorston |       |       |       |       |     1 ||     1
  Use: Scroll            |       |    11 |    10 |    11 |     5 ||    37
       Potion            |       |       |       |     3 |     4 ||     7
Armor: Scale mail        |    47 |    31 |       |       |       ||    78
       Plate armour      |       |    43 |   183 |   264 |   333 ||   823
Dodge: Dodged            |    21 |    25 |    38 |    93 |   256 ||   433
Block: Kite shield       |    59 |   101 |   165 |   388 |   899 ||  1612
       Reflection        |       |       |       |     9 |    38 ||    47

Table legend: (Time is in decaauts)
 A = Elapsed time spent in this place.
 B = Non-inter-level travel time spent in this place.
 C = Inter-level travel time spent in this place.
 D = Time resting spent in this place.
 E = Time spent auto-exploring this place.
 F = Levels seen in this place.
 G = Mean time per level.
                   A        B        C        D        E       F      G
               +--------+--------+--------+--------+--------+-----+--------+
         Total |  27845 |  26725 |   1120 |  11670 |  10906 |  22 | 1265.7 |
       Dungeon |  14216 |  13434 |    782 |   4938 |   6319 |  12 | 1184.7 |
        Temple |    256 |    240 |     16 |      0 |    236 |   1 |  256.0 |
          Lair |   7646 |   7386 |    260 |   3083 |   3444 |   5 | 1529.2 |
  Orcish Mines |   4590 |   4528 |     62 |   3306 |    517 |   2 | 2295.0 |
       Volcano |    786 |    786 |      0 |    255 |    209 |   1 |  786.0 |
      Gauntlet |    348 |    348 |      0 |     86 |    181 |   1 |  348.0 |
               +--------+--------+--------+--------+--------+-----+--------+

Top non-repeatable levels by time:
   Orc:2: 2319 daAuts
   Orc:1: 2271 daAuts
    D:11: 2049 daAuts
     D:9: 1853 daAuts
     D:2: 1777 daAuts
  Lair:2: 1747 daAuts
  Lair:3: 1631 daAuts
     D:4: 1531 daAuts
  Lair:4: 1483 daAuts
  Lair:5: 1407 daAuts
  Lair:1: 1376 daAuts
     D:6: 1161 daAuts
     D:5: 1146 daAuts
     D:1: 1081 daAuts
     D:3: 984 daAuts
